 Dungeon Crawl Stone Soup version 0.31.0-11-ge490571c62 (webtiles) character file.

Game seed: 4026434245107436427

818 qw the Ducker (level 7, -5/35 HPs)
             Began as a Spriggan Hunter on Feb 3, 2024.
             Slain by an ice beast (11 damage)
             ... on level 6 of the Dungeon.
             The game lasted 00:00:15 (4617 turns).

qw the Ducker (Spriggan Hunter)                     Turns: 4617, Time: 00:00:15

Health: -5/35      AC:  6    Str:  7    XL:     7   Next: 62%
Magic:  8/8        EV: 23    Int: 11    God:
Gold:   79         SH:  0    Dex: 20    Spells: 6/6 levels left

rFire   . . .        a - +2 shortbow (freeze)
rCold   . . .        (shield currently unavailable)
rNeg    . . .        f - +2 animal skin
rPois   .            (helmet restricted)
rElec   .            g - +1 cloak
rCorr   .            (gloves unavailable)
SInv    +            (boots unavailable)
Will    +....        (no amulet)
Stlth   +            (no ring)
HPRegen 0.25/turn    (no ring)
MPRegen 0.11/turn

%: no passive effects
@: on fire, glowing, very quick
A: very small, no large weapons, unfitting armour, see invisible, speed 3
a: no special abilities


You were on level 6 of the Dungeon.
You visited 1 branch of the dungeon, and saw 6 of its levels.

You collected 262 gold pieces.
You spent 183 gold pieces at shops.


Innate Abilities, Weirdness & Mutations

You are very small and have problems with some larger weapons.
You are too small for most types of armour.
You have supernaturally acute eyesight. (SInv)
You cover ground extremely quickly. (Speed+++)


   Skills:
 - Level 2.0 Fighting
 + Level 7.6 Ranged Weapons
 - Level 7.6 Dodging
 - Level 1.5 Stealth


You had 6 spell levels left.
You didn't know any spells.
Your spell library was empty.

Inventory:

Hand Weapons
 a - a +2 shortbow of freezing (weapon)
Armour
 f - a +2 animal skin (worn)
 g - a +1 cloak (worn)
Scrolls
 d - 6 scrolls of teleportation
 e - 3 scrolls of identify
Potions
 b - 2 potions of curing
 c - a potion of might
 i - a potion of mutation

Dungeon Overview and Level Annotations

Branches:
Dungeon (6/15)
 Temple: D:4-7

Altars:
Kikubaaqudgha
Nemelex Xobeh
Qazlal
Sif Muna
Vehumet

Shops:
D:5 ?=(*


Message History

The bombardier beetle is moderately wounded.
You shoot an arrow.
The arrow barely misses the bombardier beetle.
The ice beast enters a dispersal trap!
You blink.
You shoot an arrow. The arrow hits the ice beast.
The ice beast is lightly wounded.
You shoot an arrow. The arrow hits the ice beast!
The ice beast is heavily wounded.
You shoot an arrow. The arrow closely misses the ice beast.
You shoot an arrow. The arrow closely misses the ice beast.
You shoot an arrow.
The arrow completely misses the ice beast.
The ice beast misses you.
The bombardier beetle sprays incendiary fluid at you.
The burning spray hits you.
You are covered in liquid fire!
You shoot an arrow. The arrow hits the ice beast.
The ice beast is heavily wounded.
The liquid fire burns you! The ice beast misses you.
You shoot an arrow. The arrow barely misses the ice beast.
The liquid fire burns you! The ice beast completely misses you.
The bombardier beetle sprays incendiary fluid at you.
The burning spray misses you. The ice beast closely misses you.
You shoot an arrow. The arrow closely misses the ice beast.
The liquid fire burns you! The ice beast completely misses you.
You shoot an arrow.
The arrow hits the ice beast but does no damage.
The ice beast is heavily wounded.
The liquid fire burns you! The ice beast misses you.
You shoot an arrow. The arrow closely misses the ice beast.
The liquid fire burns you! The ice beast barely misses you.
You shoot an arrow. The arrow barely misses the ice beast.
The liquid fire burns you! The ice beast hits you. The ice beast freezes you!
You die...

################
..>...........#
#........#.###
#@Y...:..#.#######
#.B...%..+........
#........#...#####
.####.......#...#
....Y.......#...#
.######)#####...#
#$# #...#
#.#####...#####
...............


You could see an ice beast and a bombardier beetle.

Vanquished Creatures
  An ice beast (D:5)
  3 scorpions
  A bombardier beetle (D:6)
  3 hounds (D:5)
  An orc priest (D:5)
  9 orc wizards
  Robin (D:4)
  6 adders
  A river rat (D:3)
  5 dart slugs
  14 orcs
  4 endoplasms
  4 giant cockroaches
  10 goblins
  8 hobgoblins
  3 quokkas
  4 ball pythons
  7 bats
  A frilled lizard (D:3)
  5 kobolds
  5 rats
96 creatures vanquished.

Notes
Turn   | Place    | Note
-------+----------+-------------------------------------------
     0 | D:1      | qw the Spriggan Hunter began the quest for the Orb.
     0 | D:1      | Reached XP level 1. HP: 10/10 MP: 2/2
     0 | D:1      | 0 ||| qw: Version: 0.3-a-158-g18b3111
     0 | D:1      | 0 ||| qw: Game counter: 4244
     0 | D:1      | 0 ||| qw: Melee chars always use a shield: true
     0 | D:1      | 0 ||| qw: God list: Okawaru
     0 | D:1      | 0 ||| qw: Allow faded altars: false
     0 | D:1      | 0 ||| qw: Do Orc after clearing Dungeon:15 true
     0 | D:1      | 0 ||| qw: Do second Lair branch before Depths: true
     0 | D:1      | 0 ||| qw: Lair rune preference: random
     0 | D:1      | 0 ||| qw: Goals: Normal
     0 | D:1      | 0 ||| PLANNING D:1-11
    76 | D:1      | Reached skill level 3 in Dodging
   148 | D:1      | Reached XP level 2. HP: 14/14 MP: 3/3
   792 | D:1      | 792 ||| UPGRADING to +0 cloak.
   797 | D:1      | 797 ||| READING 3 scrolls labelled BOAV SOEZAOMEO.
   800 | D:1      | 800 ||| READING scroll labelled ESKIKHL JOPPA.
   800 | D:1      | 800 ||| ENCHANTING +0 cloak.
   801 | D:1      | 801 ||| READING scroll labelled MAOVIN MOFAE.
   801 | D:1      | 801 ||| BRANDING +0 shortbow.
   802 | D:1      | 802 ||| READING scroll labelled JITHRA MOUGA.
   802 | D:1      | 802 ||| IDENTIFYING scroll labelled NOEHUS BAWASA
   803 | D:1      | 803 ||| DROPPING scroll of butterflies.
   804 | D:1      | 804 ||| DROPPING scroll of fog.
   979 | D:2      | Reached XP level 3. HP: 15/18 MP: 4/4
  1141 | D:2      | HP: 4/18 [poisoned by an adder]
  1563 | D:2      | 1563 ||| READING scroll of identify.
  1563 | D:2      | 1563 ||| IDENTIFYING scroll labelled HEMPAE YTEW
  1564 | D:2      | 1564 ||| READING scroll labelled NUNLUXZOFYFY.
  1565 | D:2      | 1565 ||| READING scroll labelled LUDDUP NUXZUZ.
  1666 | D:2      | 1666 ||| DROPPING scroll of amnesia.
  1674 | D:3      | 1674 ||| PLANNING SEWER
  1811 | D:3      | Found a sparkling altar of Nemelex Xobeh.
  1811 | D:3      | Found a stormy altar of Qazlal.
  1845 | D:3      | Reached XP level 4. HP: 22/22 MP: 5/5
  2180 | D:3      | 2180 ||| DRINKING 2 viscous blue potions.
  2548 | D:3      | 2548 ||| RIP SEWER
  2548 | D:3      | 2548 ||| PLANNING D:1-11
  2591 | D:3      | Reached XP level 5. HP: 26/26 MP: 6/6
  2594 | D:3      | Found a glowing drain.
  2697 | D:3      | 2697 ||| READING 2 scrolls of identify.
  2697 | D:3      | 2697 ||| IDENTIFYING red potion
  2698 | D:3      | 2698 ||| READING scroll of identify.
  2698 | D:3      | 2698 ||| IDENTIFYING viscous green potion
  2699 | D:3      | 2699 ||| READING scroll labelled WOHICZ DAIT.
  2700 | D:3      | 2700 ||| DROPPING potion of attraction.
  2701 | D:3      | 2701 ||| DROPPING potion of degeneration.
  3137 | D:4      | Noticed Robin
  3157 | D:4      | Killed Robin
  3380 | D:4      | 3380 ||| UPGRADING to +2 animal skin.
  3390 | D:4      | 3390 ||| DROPPING +0 robe.
  3391 | D:4      | 3391 ||| READING 3 scrolls of identify.
  3391 | D:4      | 3391 ||| IDENTIFYING smoky red potion
  3426 | D:5      | Entered Level 5 of the Dungeon
  3426 | D:5      | Found Mokairu's Magic Scroll Emporium.
  3433 | D:5      | 3433 ||| BUYING scroll of enchant weapon (75 gold).
  3433 | D:5      | Bought a scroll of enchant weapon for 75 gold pieces
  3433 | D:5      | 3433 ||| BUYING scroll of identify (20 gold).
  3433 | D:5      | Bought a scroll of identify for 20 gold pieces
  3433 | D:5      | 3433 ||| BUYING scroll of identify (20 gold).
  3433 | D:5      | Bought a scroll of identify for 20 gold pieces
  3433 | D:5      | 3433 ||| BUYING scroll of identify (20 gold).
  3433 | D:5      | Bought a scroll of identify for 20 gold pieces
  3433 | D:5      | 3433 ||| BUYING scroll of teleportation (30 gold).
  3433 | D:5      | Bought a scroll of teleportation for 30 gold pieces
  3433 | D:5      | 3433 ||| READING 2 scrolls of enchant weapon.
  3433 | D:5      | 3433 ||| ENCHANTING +0 shortbow of freezing.
  3434 | D:5      | 3434 ||| READING scroll of enchant weapon.
  3434 | D:5      | 3434 ||| ENCHANTING +1 shortbow of freezing.
  3447 | D:5      | Reached skill level 6 in Ranged Weapons
  3528 | D:5      | 3528 ||| FLEEEEING.
  3529 | D:5      | 3529 ||| FLEEEEING.
  3530 | D:5      | 3530 ||| FLEEEEING.
  3537 | D:5      | 3537 ||| FLEEEEING.
  3538 | D:5      | 3538 ||| FLEEEEING.
  3539 | D:5      | 3539 ||| FLEEEEING.
  3540 | D:5      | 3540 ||| FLEEEEING.
  3541 | D:5      | 3541 ||| FLEEEEING.
  3542 | D:5      | 3542 ||| FLEEEEING.
  3543 | D:5      | 3543 ||| FLEEEEING.
  3544 | D:5      | 3544 ||| FLEEEEING.
  3545 | D:5      | 3545 ||| FLEEEEING.
  3546 | D:5      | 3546 ||| FLEEEEING.
  3547 | D:5      | 3547 ||| FLEEEEING.
  3601 | D:5      | Reached XP level 6. HP: 30/30 MP: 7/7
  3628 | D:5      | 3628 ||| FLEEEEING.
  3688 | D:5      | Reached skill level 6 in Dodging
  3768 | D:5      | Found Cipuff's Assorted Antiques.
  3773 | D:5      | 3773 ||| BUYING black potion (18 gold).
  3773 | D:5      | Bought a black potion for 18 gold pieces
  3773 | D:5      | 3773 ||| SHOPLISTING scroll of brand weapon (190 gold, have
                  | 58).
  3773 | D:5      | 3773 ||| SHOPLISTING tapered fluorescent wand (80 gold,
                  | have 58).
  4016 | D:5      | Found a radiant altar of Vehumet.
  4023 | D:5      | Found an ancient bone altar of Kikubaaqudgha.
  4034 | D:5      | Reached XP level 7. HP: 31/35 MP: 8/8
  4063 | D:5      | Found a shimmering blue altar of Sif Muna.
  4322 | D:5      | Found Diwkyr's Jewellery Boutique.
  4329 | D:5      | 4329 ||| SHOPLISTING amulet of guardian spirit (330 gold,
                  | have 64).
  4329 | D:5      | 4329 ||| SHOPLISTING amulet of reflection (330 gold, have
                  | 64).
  4329 | D:5      | 4329 ||| SHOPLISTING amulet of the acrobat (330 gold, have
                  | 64).
  4329 | D:5      | 4329 ||| SHOPLISTING ring "Hyoqem" {Fly rC+ MP+9} (583
                  | gold, have 64).
  4329 | D:5      | 4329 ||| SHOPLISTING ring of fire (275 gold, have 64).
  4329 | D:5      | 4329 ||| SHOPLISTING ring of poison resistance (220 gold,
                  | have 64).
  4329 | D:5      | 4329 ||| SHOPLISTING ring of positive energy (220 gold,
                  | have 64).
  4341 | D:5      | Found Fizomesi's Antique Weapon Shoppe.
  4494 | D:5      | 4494 ||| DROPPING ring of magical power.
  4495 | D:5      | 4495 ||| READING 6 scrolls of identify.
  4495 | D:5      | 4495 ||| IDENTIFYING black potion
  4496 | D:5      | 4496 ||| READING 5 scrolls of identify.
  4496 | D:5      | 4496 ||| IDENTIFYING emerald potion
  4497 | D:5      | 4497 ||| READING 4 scrolls of identify.
  4497 | D:5      | 4497 ||| IDENTIFYING 2 lumpy golden potions
  4498 | D:5      | 4498 ||| DROPPING 2 potions of ambrosia.
  4499 | D:5      | 4499 ||| DROPPING potion of berserk rage.
  4617 | D:6      | HP: 6/35 [ice beast (4)]
  4617 | D:6      | Slain by an ice beast

Levels and vault maps discovered:
D:1:      moated_graveyard_arrival, layout_basic, chequers_serial_rivers_room_b
D:2:      cheibrodos_helix_gallery, layout_loops_ring
D:3:      layout_basic, mainiacjoe_overflow_large_starburst,
          portal_sewer_entry_b, kennysheep_pointless_box
D:4:      layout_basic, uniq_robin
D:5:      layout_loops_corners, palyth_temple_overflow_mages, serial_shops,
          nicolae_shop_window_shopping, nicolae_shop_getting_attention, shop,
          shop, serial_rivers, chequers_serial_rivers_room_b,
          chequers_serial_rivers_large_b, chequers_serial_rivers_small_b,
          chequers_serial_rivers_micro_a, chequers_serial_rivers_marsh
D:6:      layout_basic, xom_teletrap_fun, minmay_temple_entry_arrows,
          uniq_maggie, uniq_blork_the_orc

Skill      XL: |  1  2  3  4  5  6  7 |
---------------+----------------------+-----
Dodging        | 3 4 5 6 7 |  7.6
Ranged Weapons | 5 6 7 |  7.6
Fighting       | 2 |  2.0
Stealth        | |  1.5

Action                     |  1- 3 |  4- 6 |  7- 9 || total
---------------------------+-------+-------+-------++-------
   Fire: Shortbow          |    87 |   168 |    80 ||   335
    Use: Scroll            |     7 |     6 |     3 ||    16
         Potion            |       |     1 |       ||     1
 Armour: Robe              |    11 |    18 |       ||    29
         Animal skin       |       |     5 |     6 ||    11
  Dodge: Dodged            |    32 |    98 |    41 ||   171

Table legend:
 A = Non-vault XP
 B = Vault XP
 C = Vault XP percentage of total XP
 D = Non-vault monster count
 E = Vault monster count
 F = Vault count percentage of total count
                 A         B        C        D         E       F
            +---------+---------+-------+---------+---------+-------
      Total |     861 |     308 |  26.3 |      73 |      23 |  24.0
            +---------+---------+-------+---------+---------+-------
        D:1 |      26 |       0 |   0.0 |      15 |       0 |   0.0
        D:2 |      47 |      15 |  24.2 |      12 |       2 |  14.3
        D:3 |      90 |      19 |  17.4 |      20 |       6 |  23.1
        D:4 |     106 |      28 |  20.9 |      11 |       8 |  42.1
        D:5 |     528 |     246 |  31.8 |      12 |       7 |  36.8
        D:6 |      64 |       0 |   0.0 |       3 |       0 |   0.0
            +---------+---------+-------+---------+---------+-------
